AoeStats
← tilmanv

Black Forest

508085552Analyzed
4v4 RM · 12d ago on Sep 20, 2026· 50m 29s· 8 players
Game mode
Random Map
Map size
Large (8 player)
Population
200
Speed
Normal
Resources
Standard
Victory
Conquest
Starting age
Dark Age
Ending age
Imperial Age
RankedLock teamsTeams togetherTeam positionsShared explorationLock speedFull tech treeHidden civsTurbo modeCheats
Victory
Defeat
🇩🇪 Saracens · Germany
1071
+13
🇮🇳 Slavs · India
1069
+13
🇯🇵 Magyars · Japan
1059
+14
🇩🇪 Teutons · Germany
1049
+15
🇸🇰 Turks · Slovakia
1081
-16
🇦🇷 Persians · Argentina
995
-13
🇦🇷 Bohemians · Argentina
995
-13
🇺🇸 Franks · United States
984
-13
tilmanv
10:04 Loom
13:14 Feudal Age
14:30 Wheelbarrow
13:43 Double-Bit Axe
17:37 Castle Age
15:42 Gold Mining
15:45 Stone Mining
17:17 Horse Collar
18:34 Hand Cart
18:51 Bow Saw
25:00 Heavy Plow
31:12 Imperial Age
29:05 Forging
29:01 Scale Barding Armor
29:01 Caravan
29:36 Bloodlines
30:33 Town Watch
32:32 Iron Casting
32:18 Chain Barding Armor
31:47 Cavalier
33:01 Crop Rotation
33:33 Two-Man Saw
33:20 Stone Shaft Mining
36:02 Blast Furnace
35:39 Plate Barding Armor
35:45 Paladin
36:28 Scale Mail Armor
37:04 Conscription
37:13 Town Patrol
39:26 Chemistry
38:47 Ballistics
39:29 Pikeman
40:10 Squires
39:56 Arson
40:28 Chain Mail Armor
46:07 Halberdier
47:05 Onager
47:05 Capped Ram
50:16 Spies/Treason
robain6
11:53 Feudal Age
12:42 Loom
13:03 Double-Bit Axe
15:38 Castle Age
13:46 Horse Collar
16:09 Stone Mining
17:23 Wheelbarrow
20:39 Bow Saw
21:55 Gold Mining
23:20 Heavy Plow
25:18 Hand Cart
29:38 Imperial Age
27:24 Town Watch
28:16 Gold Shaft Mining
28:38 Scale Barding Armor
28:24 Fletching
28:44 Forging
29:07 Caravan
31:00 Husbandry
30:24 Heavy Camel Rider
31:14 Bloodlines
32:01 Chain Barding Armor
31:36 Bodkin Arrow
33:02 Conscription
34:26 Two-Man Saw
35:25 Plate Barding Armor
36:54 Counterweights
38:24 Hoardings
39:21 Iron Casting
38:47 Bracer
39:30 Masonry
39:41 Ballistics
42:49 Elite Mameluke
45:17 Blast Furnace
47:23 Town Patrol
47:37 Bimaristan
47:31 Scale Mail Armor
47:31 Padded Archer Armor
48:34 Chemistry
47:20 Arrowslits
47:25 Guard Tower
47:45 Fortified Wall
47:41 Siphons
47:47 Clinker Construction
47:33 Murder Holes
47:18 Treadmill Crane
47:49 Careening
48:22 Coinage
47:21 Light Cavalry
47:23 Pikeman
48:04 Squires
47:49 Arson
47:50 Gambesons
47:26 Man-at-Arms
48:39 Murder Holes
48:55 Clinker Construction
48:53 Siege Engineers
48:32 Treadmill Crane
49:02 Careening
48:58 Siphons
48:17 Elite Skirmisher
48:17 Crossbowman
49:34 Banking
49:35 Onager
50:37 Thumb Ring
50:56 Leather Archer Armor
51:17 Chain Mail Armor
51:32 Parthian Tactics
LWwcnm
10:36 Feudal Age
11:58 Horse Collar
14:59 Bloodlines
20:16 Scale Barding Armor
22:54 Castle Age
22:02 Double-Bit Axe
22:11 Gold Mining
22:59 Light Cavalry
23:40 Husbandry
25:25 Bow Saw
28:25 Wheelbarrow
28:30 Stone Mining
30:32 Gold Shaft Mining
29:59 Heavy Plow
31:24 Hand Cart
32:21 Devotion
35:39 Imperial Age
36:29 Chain Barding Armor
36:00 Fletching
36:22 Corvinian Army
37:24 Crop Rotation
37:00 Caravan
37:32 Padded Archer Armor
38:06 Ballistics
37:56 Bodkin Arrow
38:03 Padded Archer Armor
38:08 Heavy Cavalry Archer
39:23 Parthian Tactics
40:34 Ballistics
40:12 Loom
40:20 Town Watch
41:10 Bracer
41:28 Leather Archer Armor
42:49 Two-Man Saw
43:43 Ring Archer Armor
44:08 Conscription
45:22 Plate Barding Armor
44:49 Elite Magyar Huszar
47:00 Chemistry
47:30 Siege Engineers
47:06 Treadmill Crane
47:21 Murder Holes
47:37 Masonry
50:59 Recurve Bow
DarkOxygen12
12:20 Feudal Age
10:36 Loom
13:03 Double-Bit Axe
13:00 Horse Collar
18:47 Castle Age
20:23 Bow Saw
21:20 Gold Mining
22:33 Wheelbarrow
22:53 Gold Shaft Mining
23:02 Town Watch
24:55 Hand Cart
25:32 Town Patrol
26:22 Heavy Plow
26:55 Fletching
27:17 Forging
27:50 Squires
29:51 Caravan
29:59 Detinets
30:39 Iron Casting
30:05 Scale Mail Armor
31:00 Bodkin Arrow
31:07 Scale Mail Armor
30:32 Pikeman
35:17 Imperial Age
33:47 Ballistics
33:27 Murder Holes
33:26 Guard Tower
33:47 Masonry
35:22 Halberdier
36:21 Chain Mail Armor
37:07 Blast Furnace
36:12 Druzhina
36:36 Conscription
38:12 Heavy Scorpion
39:56 Chemistry
39:22 Ballistics
44:23 Two-Man Saw
43:55 Crop Rotation
43:53 Siege Engineers
47:51 Capped Ram
49:38 Siege Ram
Kebab do ruky
12:43 Feudal Age
15:07 Loom
18:00 Castle Age
24:17 Horse Collar
29:33 Wheelbarrow
28:46 Double-Bit Axe
30:47 Heavy Plow
34:43 Imperial Age
32:37 Fletching
34:14 Padded Archer Armor
35:13 Hand Cart
36:49 Bodkin Arrow
37:18 Ballistics
38:39 Bow Saw
39:18 Bracer
39:34 Leather Archer Armor
40:39 Bombard Tower
41:07 Artillery
41:40 Conscription
Lost My Scout
0:31 Loom
15:15 Feudal Age
15:49 Arson
15:57 Stone Mining
16:01 Gold Mining
16:24 Double-Bit Axe
23:08 Castle Age
21:34 Fletching
21:46 Scale Mail Armor
22:54 Forging
22:52 Scale Barding Armor
24:31 Bow Saw
25:07 Gold Shaft Mining
25:41 Wheelbarrow
25:38 Town Watch
27:51 Hand Cart
28:31 Town Patrol
29:52 Caravan
34:57 Imperial Age
32:56 Bodkin Arrow
33:14 Masonry
33:26 Ballistics
33:35 Fortified Wall
33:27 Guard Tower
33:44 Husbandry
33:15 Light Cavalry
34:11 Murder Holes
34:33 Squires
33:55 Pikeman
36:06 Conscription
35:47 Chivalry
35:13 Cavalier
36:42 Chain Barding Armor
37:58 Chemistry
38:31 Hoardings
38:51 Plate Barding Armor
39:18 Halberdier
44:09 Iron Casting
43:50 Chain Mail Armor
44:08 Architecture
43:25 Arrowslits
51:49 Blast Furnace
Rosetin
2:05 Loom
13:06 Feudal Age
18:18 Castle Age
16:29 Double-Bit Axe
18:16 Horse Collar
19:44 Wheelbarrow
19:22 Bow Saw
20:12 Heavy Plow
26:32 Fletching
27:38 Bodkin Arrow
36:20 Imperial Age
34:06 Stone Mining
35:22 Crossbowman
36:44 Thumb Ring
36:53 Kamandaran
37:57 Hand Cart
38:59 Padded Archer Armor
egt
0:59 Loom
14:49 Feudal Age
17:58 Double-Bit Axe
20:56 Castle Age
19:29 Horse Collar
24:55 Bow Saw
28:50 Heavy Plow
29:28 Wheelbarrow
33:39 Town Watch
35:22 Hand Cart
35:32 Pikeman
36:14 Squires
40:40 Imperial Age
39:32 Chemistry
38:13 Treadmill Crane
38:54 Scale Mail Armor
40:14 Wagenburg Tactics
42:39 Two-Man Saw
41:20 Halberdier
43:02 Conscription
43:07 Chain Mail Armor
43:03 Forging
42:44 Fletching
44:48 Plate Mail Armor
Connection lost

Rejoining the realm…

Still unreachable

The connection could not be restored.

Session expired

The server has moved on; the page needs a fresh start.